 Dungeon Crawl Stone Soup version 0.20.0-6-gd3061e9 (webtiles) character file.

849 ghjk the Chopper (level 7, 0/60 HPs)
             Began as a Minotaur Fighter on May 28, 2017.
             Slain by a killer bee (1 damage)
             ... on level 6 of the Dungeon.
             The game lasted 00:05:31 (3765 turns).

ghjk the Chopper (Minotaur Fighter)                 Turns: 3765, Time: 00:05:32

Health: 0/60       AC: 10    Str: 22    XL:     7   Next: 69%
Magic:  6/6        EV: 10    Int:  5    God:
Gold:   343        SH:  4    Dex: 10    Spells: 6/6 levels left

rFire    . . .     SeeInvis .   o - +0 hand axe
rCold    . . .     Gourm    .   p - +0 buckler
rNeg     + . .     Faith    .   b - +0 scale mail
rPois    .         Spirit   .   (helmet restricted)
rElec    .         Reflect  .   (no cloak)
rCorr    +         Harm     .   (no gloves)
MR       .....                  j - +1 pair of boots
Stlth    ..........             (no amulet)
Regen    0.2/turn               k - ring of resist corrosion
MPRegen  0.1/turn               r - ring of positive energy

@: about to teleport
A: retaliatory headbutt, horns 2
a: no special abilities


You were on level 6 of the Dungeon.
You were not hungry.

You visited 2 branches of the dungeon, and saw 7 of its levels.

You collected 343 gold pieces.

Inventory:

Hand Weapons
 a - a +0 war axe
 o - a +0 hand axe (weapon)
 y - a cursed +0 mace
Armour
 b - a +0 scale mail (worn)
 j - a +1 pair of boots (worn)
 p - a +0 buckler (worn)
Jewellery
 k - a ring of resist corrosion (left hand)
 r - a ring of positive energy (right hand)
Wands
 t - a wand of disintegration (7/24)
 z - a wand of confusion (30/48)
Scrolls
 c - a scroll of summoning {unknown}
 e - 2 scrolls of remove curse
 h - 3 scrolls of teleportation
 i - 4 scrolls of recharging
Potions
 d - 2 potions of might
 l - a potion of cancellation
 q - 3 potions of lignification
 u - a potion of haste {unknown}
 v - a potion of invisibility {unknown}
 w - a potion of mutation {unknown}
 x - a potion of heal wounds {unknown}
Books
 s - a book of Minor Magic

   Spells                             Type                      Level
   a - Magic Dart                     Conjuration                  1
   b - Blink                          Translocation                2
   c - Call Imp                       Summoning                    2
   d - Slow                           Hexes                        2
   e - Conjure Flame                  Conjuration/Fire             3
   f - Mephitic Cloud                 Conjuration/Poison/Air       3
Comestibles
 f - 3 bread rations
 g - 5 meat rations
 n - 16 fruits


   Skills:
 + Level 4.9 Fighting
 * Level 7.5 Axes
 * Level 6.8 Armour
 + Level 1.2 Dodging
 + Level 4.8 Shields


You had 6 spell levels left.
You didn't know any spells.

Dungeon Overview and Level Annotations

Branches:
Dungeon (6/15)             Temple (1/1) D:5

Altars:
Cheibriados
Dithmenos
Elyvilon
Fedhas
Gozag
Hepliaklqana
Makhleb
Nemelex Xobeh
Qazlal
Sif Muna
Trog
Uskayaw
Vehumet
Xom
Yredelemnul
Zin
The Shining One

Shops:
D:4 :


Innate Abilities, Weirdness & Mutations

You reflexively headbutt those who attack you in melee.
You have a pair of horns on your head.


Message History

The killer bee stings you.
* * * LOW HITPOINT WARNING * * *
As you read the scroll of teleportation, it crumbles to dust.
You feel strangely unstable. The killer bee barely misses you.
You furiously retaliate!
You headbutt the killer bee!
You kill the killer bee!
The killer bee stings you but does no damage. x2
Unknown command.
You hit the killer bee.
You headbutt the killer bee, but do no damage.
The killer bee is severely wounded.
The killer bee stings you but does no damage.
The killer bee stings you.
* * * LOW HITPOINT WARNING * * *
Unknown command.
You barely miss the killer bee.
The killer bee is severely wounded.
The killer bee stings you but does no damage.
The killer bee stings you.
You die...

.. #....#.......#
... #....#.......#
.... #...##.......#
....##...##.......#
..................#
..................#
...##...##.......#
... #'####.......#
#. #@†..#.......#
#y?..#.......#
.....#.......#
......#.......#
################


You could see a killer bee.

Vanquished Creatures
  A phantom (D:4)
  An ogre (D:5)
  2 centaurs (D:5)
  4 killer bees (D:6)
  A howler monkey (D:5)
  A hound (D:4)
  Crazy Yiuf (D:5)
  Natasha (D:2)
  4 worker ants
  Robin (D:3)
  3 adders
  A shadow imp (D:5)
  An adder skeleton (D:4)
  A worm (D:2)
  3 dart slugs
  3 leopard geckos
  6 orcs
  5 bats
  2 giant cockroaches
  17 goblins
  7 hobgoblins
  3 jackals (D:3)
  A ball python (D:1)
  4 frilled lizards
  A jackal skeleton (D:5)
  5 kobolds
  6 rats
86 creatures vanquished.

Notes
Turn   | Place    | Note
-------+----------+-------------------------------------------
     0 | D:1      | ghjk the Minotaur Fighter began the quest for the Orb.
     0 | D:1      | Reached XP level 1. HP: 19/19 MP: 0/0
    97 | D:1      | Reached XP level 2. HP: 23/27 MP: 1/1
   520 | D:2      | Reached skill level 3 in Axes
   663 | D:2      | Found a blossoming altar of Fedhas.
   671 | D:2      | Noticed Natasha
   682 | D:2      | Killed Natasha
   682 | D:2      | Reached XP level 3. HP: 11/33 MP: 2/2
   762 | D:2      | Reached skill level 4 in Axes
   838 | D:2      | Found a faded altar of an unknown god.
   866 | D:2      | Found an opulent altar of Gozag.
  1207 | D:3      | Reached XP level 4. HP: 40/40 MP: 3/3
  1341 | D:3      | Noticed Robin
  1360 | D:3      | Killed Robin
  1731 | D:4      | Noticed a phantom
  1740 | D:4      | Reached skill level 5 in Axes
  1740 | D:4      | Reached XP level 5. HP: 45/46 MP: 4/4
  1753 | D:4      | Killed a phantom
  1753 | D:4      | Reached skill level 5 in Armour
  1923 | D:4      | Found Cojurchu's Book Boutique.
  1930 | D:4      | Reached XP level 6. HP: 44/53 MP: 5/5
  2031 | D:5      | Entered Level 5 of the Dungeon
  2214 | D:5      | Found a runed door.
  2265 | D:5      | Found a shimmering altar of Xom.
  2270 | D:5      | Reached skill level 6 in Axes
  2372 | D:5      | Found a staircase to the Ecumenical Temple.
  2408 | D:5      | Reached XP level 7. HP: 40/60 MP: 6/6
  2422 | Temple   | Entered the Ecumenical Temple
  2701 | D:5      | Reached skill level 7 in Axes
  2701 | D:5      | Reached skill level 1 in Dodging
  3145 | D:5      | Noticed Crazy Yiuf
  3165 | D:5      | Killed Crazy Yiuf
  3761 | D:6      | HP: 2/60 [killer bee (5)]
  3765 | D:6      | Slain by a killer bee

Skill      XL: |  1  2  3  4  5  6  7 |
---------------+----------------------+-----
Fighting       | 4 |  4.9
Axes           | 3 4 5 6 7 |  7.5
Armour         | 4 5 6 |  6.8
Shields        | 4 |  4.8
Dodging        | 1 |  1.2

Action                   |  1- 3 |  4- 6 |  7- 9 || total
-------------------------+-------+-------+-------++-------
Melee: War axe           |    51 |       |       ||    51
       Headbutt          |     6 |    20 |     7 ||    33
       Hand axe          |    27 |   124 |    53 ||   204
  Use: Scroll            |     7 |     1 |     3 ||    11
       Potion            |       |       |     4 ||     4
  Eat: Chunk             |     1 |     1 |     4 ||     6
       Royal jelly       |       |     1 |     1 ||     2
Armor: Scale mail        |    36 |    62 |    21 ||   119
Dodge: Dodged            |    18 |    41 |    27 ||    86
Block: Shield            |    41 |    67 |    10 ||   118
       Buckler           |       |       |    15 ||    15
